 Dungeon Crawl Stone Soup version 0.17-a0-2055-gb4e23be (webtiles) character file.

35 dpvblackbelt the Stinger (level 3, -1/21 HPs)
             Began as an Octopode Venom Mage on Oct 11, 2015.
             Was an Initiate of Dithmenos.
             Killed from afar by Crazy Yiuf (5 damage)
             ... with a wand of frost
             ... on level 2 of the Dungeon.
             The game lasted 00:02:36 (1100 turns).

dpvblackbelt the Stinger (Octopode Venom Mage)      Turns: 1100, Time: 00:02:36

Health: -1/21      AC:  1    Str:  7    XL:     3   Next: 35%
Magic:  2/6        EV: 12    Int: 18    God:    Dithmenos [......]
Gold:   22         SH:  0    Dex: 12    Spells: 2 memorised, 3 levels left

rFire  . . .     SeeInvis .     a - +0 whip
rCold  . . .     Clarity  .     (no shield)
rNeg   . . .     SustAt   .     (helmet restricted)
rPois  .         Gourm    .     (no amulet)
rElec  .         Spirit   .     (no ring)
rCorr  .         Warding  .     (no ring)
rMut   .         Stasis   .     (no ring)
MR     .....                    (no ring)
Stlth  +++.......               (no ring)
                                (no ring)
                                (no ring)
                                (no ring)

@: not resistant to hostile enchantments, fairly stealthy
A: almost no armour, amphibious, 8 rings, constrict 8, camouflage 1, gelatinous
body 1
a: Renounce Religion


You were on level 2 of the Dungeon.
You worshipped Dithmenos.
Dithmenos was noncommittal.
You were not hungry.

You visited 1 branch of the dungeon, and saw 2 of its levels.

You collected 22 gold pieces.

Inventory:

Hand Weapons
 a - a +0 whip (weapon)
   (You found it on level 1 of the Dungeon)
 b - a +0 hunting sling
   (You found it on level 1 of the Dungeon)
Missiles
 i - 8 sling bullets of frost
Scrolls
 c - a scroll of fog {unknown}
 e - a scroll of blinking {unknown}
 g - a scroll of remove curse {unknown}
Books
 f - a Young Poisoner's Handbook
Comestibles
 d - 2 bread rations {@e1}
 h - a slice of pizza
 j - a chunk of flesh {@w0}


   Skills:
 - Level 2.0 Dodging
 - Level 2.6 Stealth
 - Level 2.0 Spellcasting
 + Level 6.1 Poison Magic


You had 3 spell levels left.
You knew the following spells:

 Your Spells              Type           Power        Failure   Level  Hunger
a - Sting                 Conj/Pois      ##..         6%          1    #......
P - Cure Poison           Pois           ###.......   1%          2    ###....


Dungeon Overview and Level Annotations

Branches:
Dungeon (2/15)

Altars:
Dithmenos

Annotations:
D:2 Crazy Yiuf


Innate Abilities, Weirdness & Mutations

You cannot wear most types of armour.
You are amphibious.
You can wear up to eight rings at the same time.
You can use your tentacles to constrict eight enemies at once.
Your skin changes colour to match your surroundings (Stealth).
Your rubbery body absorbs attacks (AC +1).


Message History

The sting hits the adder.
The adder is poisoned.
You constrict the adder. The adder completely misses you.
You now have 1/6 mp.
Aim: an adder (severely wounded, constricted by you, poisoned)
The sting hits the adder.
You kill the adder!
Your Poison Magic skill increases to level 6!
You now have 0/6 mp.
There is a shadowy altar of Dithmenos here.
Health restored: 21 You curl up in front of the altar of Dithmenos.
Dithmenos welcomes you!
You start resting.
You feel a little less agile now.
You regained 4 mp, and now have 5/6 mp.
d - 2 bread rations {@e1} (gained 1)
You see here 3 stones.
Found a stone staircase leading down.
MP restored: 6 You see here a kobold corpse.
i - 8 sling bullets of frost (gained 1)
There is a stone staircase leading down here.
You are feeling hungry.
You may need something to eat soon, looking for food.
There is a stone staircase leading down here.
You see here a kobold corpse.
Autochopping corpse.
You butcher the kobold corpse.
Things that are here:
2 inedible chunks of flesh {@w0}; a kobold skeleton You open the door.
A giant cockroach comes into view.
There is an open door here.
A giant cockroach is nearby!
Aim: a giant cockroach (resting)
You miscast Sting.
You are very lightly contaminated with residual magic.
You feel a strange surge of energy!
You now have 5/6 mp.
Aim: a giant cockroach (resting)
The sting hits the giant cockroach.
The giant cockroach appears unharmed.
You now have 4/6 mp.
A giant cockroach is nearby!
Aim: a giant cockroach The sting hits the giant cockroach.
The giant cockroach is poisoned.
You kill the giant cockroach!
Dithmenos accepts your kill.
You now have 3/6 mp.
You may need something to eat soon, looking for food.
You see here a giant cockroach corpse.
Autochopping corpse.
You butcher the giant cockroach corpse.
j - 2 chunks of flesh {@w0} Autoeating chunks.
Eating one of 2 chunks of flesh {@w0}.
You continue eating. x2
A kobold comes into view.
A kobold is nearby!
A kobold is nearby!
A kobold is nearby!
A kobold is nearby!
Okay, then.
Aim: a kobold (hasn't noticed you)
The sting hits the kobold.
The kobold shouts!
You now have 3/6 mp.
Aim: a kobold (heavily wounded)
The sting misses the kobold.
You now have 2/6 mp.
You hit the kobold.
You kill the kobold!
Dithmenos accepts your kill.
You see here a kobold corpse.
There is an open door here.
You see here a kobold corpse.
You start resting.
Your magical contamination has completely faded away.
You start resting.
MP restored: 6 You see here a mace.
Crazy Yiuf the Enlightened comes into view.
He is wielding a quarterstaff of chaos.
Crazy Yiuf is nearby!
Crazy Yiuf is nearby!
Crazy Yiuf is nearby!
Aim: Crazy Yiuf, wielding a quarterstaff of chaos and wearing a cloak (resting)
The sting hits Crazy Yiuf.
Crazy Yiuf is poisoned.
Crazy Yiuf shouts!
You now have 5/6 mp.
Aim: Crazy Yiuf, wielding a quarterstaff of chaos and wearing a cloak (moderately wounded, poisoned)
The sting misses Crazy Yiuf.
Crazy Yiuf zaps a wand.
The puff of frost hits you!
It is a wand of frost.
You take 9 damage, and have 12/21 hp.
MASSIVE DAMAGE!!
You now have 4/6 mp.
Aim: Crazy Yiuf, wielding a quarterstaff of chaos, wearing a cloak and carrying a wand of frost {zapped: 1} (moderately wounded, poisoned)
The sting misses Crazy Yiuf.
Crazy Yiuf zaps a wand.
The puff of frost hits you!
* * * LOW HITPOINT WARNING * * *
You take 8 damage, and have 4/21 hp.
MASSIVE DAMAGE!!
You now have 3/6 mp.
Aim: Crazy Yiuf, wielding a quarterstaff of chaos, wearing a cloak and carrying a wand of frost {zapped: 2} (moderately wounded, poisoned)
The sting hits Crazy Yiuf.
Crazy Yiuf zaps a wand.
The puff of frost hits you!
You die...

##.##
#.#
.##
.##
#...#
#.# #.
##).##
#.# #.
#))..#
#.#
♣....♣
#..
♣...♣♣
#..#
♣♣.♣♣
#..#
♣.♣♣
#..#
♣♣@♣
#..#
♣.♣
#..#
♣♣. .#
.. g.#
.)#
###


You could see Crazy Yiuf.

Vanquished Creatures
  2 adders (D:2)
  4 giant cockroaches
  A goblin (D:1)
  A hobgoblin (D:1)
  A bat (D:1)
  2 giant newts
  5 kobolds
  3 rats (D:1)
19 creatures vanquished.

Notes
Turn   | Place    | Note
--------------------------------------------------------------
     0 | D:1      | dpvblackbelt the Octopode Venom Mage began the quest for the Orb.
     0 | D:1      | Reached XP level 1. HP: 11/11 MP: 3/3
    66 | D:1      | Reached skill level 5 in Poison Magic
   284 | D:1      | Reached XP level 2. HP: 13/17 MP: 5/5
   288 | D:1      | Learned a level 2 spell: Cure Poison
   906 | D:2      | Found a shadowy altar of Dithmenos.
   930 | D:2      | Reached XP level 3. HP: 11/21 MP: 2/6
   932 | D:2      | HP: 4/21 [adder (3)]
   938 | D:2      | Reached skill level 6 in Poison Magic
   945 | D:2      | Became a worshipper of Dithmenos the Shadowed
  1096 | D:2      | Noticed Crazy Yiuf
  1099 | D:2      | HP: 4/21 [Crazy Yiuf/wand of frost (8)]
  1100 | D:2      | Killed from afar by Crazy Yiuf

Vault maps used:
D:1:      dpeg_arrival_erosion, amethyst_killhole
D:2:      grunt_dithmenos_smoke_and_mirrors, first_bread,
          nicolae_underground_beach, uniq_jessica, uniq_crazy_yiuf_cottage,
          uniq_terence

Action                   || total
-------------------------++-------
Melee: Whip              ||    22
       Unarmed           ||     2
 Fire: Hunting sling     ||     7
 Cast: Sting             ||    26
  Use: Potion            ||     2
 Stab: Sleeping          ||     3
  Eat: Chunk             ||     1

Vault maps used:
D:1:      dpeg_arrival_erosion, amethyst_killhole
D:2:      grunt_dithmenos_smoke_and_mirrors, first_bread,
          nicolae_underground_beach, uniq_jessica, uniq_crazy_yiuf_cottage,
          uniq_terence

Table legend:
 A = Turns spent in this place as a percentage of turns spent in the entire game.
 B = Non-inter-level travel turns spent in this place as a percentage of non-inter-level travel turns spent in the entire game.
 C = Inter-level travel turns spent in this place as a percentage of turns spent in this place.
 D = Turns resting spent in this place as a percentage of non-inter-level travel turns spent in this place.
 E = Turns spent auto-exploring this place as a percentage of non-inter-level travel turns spent in this place.
 F = Non-inter-level travel turns spent in this place divided by the number of levels of this place that you've seen.
                   A       B       C       D       E      F
               +-------+-------+-------+-------+-------+----------------------
         Total | 100.0 | 100.0 |   1.1 |   4.5 |   9.2 | 179.5
       Dungeon | 100.0 | 100.0 |   1.1 |   4.5 |   9.2 | 179.5
               +-------+-------+-------+-------+-------+----------------------

Table legend:
 A = Kills in this place as a percentage of kills in entire the game.
 B = Kills by you in this place as a percentage of kills by you in the entire game.
 C = Kills by friends in this place as a percentage of kills by friends in the entire game.
 D = Other kills in this place as a percentage of other kills in the entire game.
 E = Experience gained in this place as a percentage of experience gained in the entire game.
 F = Experience gained in this place divided by the number of levels of this place that you have seen.
                   A       B       C       D       E      F
               +-------+-------+-------+-------+-------+----------------------
         Total | 100.0 | 100.0 |  -nan |  -nan | 100.0 |  25.5
       Dungeon | 100.0 | 100.0 |  -nan |  -nan | 100.0 |  25.5
               +-------+-------+-------+-------+-------+----------------------
